 Dungeon Sprint DCSS version 0.29-a0-643-ga013cefcf8 (webtiles) character file.

Game seed: 11023905525957127273

7600000 greenreed the Axe Maniac (level 25, -22/214 HPs)
             Began as a Djinni Necromancer on June 19, 2022.
             Was the Champion of Makhleb.
             Annihilated by a meat berserker
             ... wielding a +9 battleaxe
              (53 damage)
             ... in the Dungeon (Sprint VIII: "Arena of Blood").
             The game lasted 00:04:26 (76 turns).

greenreed the Axe Maniac (Djinni Necromancer)         Turns: 76, Time: 00:04:28

Health: -22/214    AC:  3    Str: 15    XL:     25   Next: 37%
Gold:   0          EV: 27    Int: 20    God:    Makhleb [******] SH:  0 Dex: 15

rFire   + + .      SeeInvis +   g - +∞ Axe of Woe
rCold   x . .      Faith    .   (shield currently unavailable)
rNeg    . . .      Spirit   .   a - +0 robe
rPois   ∞          Reflect  .   (no helmet)
rElec   .          Harm     .   (no cloak)
rCorr   .          Rampage  .   (no gloves)
Will    ++...      NoTele   +   (boots unavailable)
Stlth   +++++++++.              (no amulet)
HPRegen 0.45/turn               h - ring of see invisible
MPRegen 0.00/turn               (no ring)

@: flying
A: sickness immunity, fire resistance 2, cold vulnerability 1, float, innate
caster, HP casting, extra vitality 1
a: Renounce Religion, Minor Destruction, Lesser Servant of Makhleb, Major
Destruction, Greater Servant of Makhleb


You were in the Dungeon.
You worshipped Makhleb.
Makhleb was exalted by your worship.
You visited 1 branch

Inventory:

Hand Weapons
 g - the +∞ Axe of Woe (weapon)
   (You found it in the Dungeon)
Armour
 a - a +0 robe (worn)
Jewellery
 h - a ring of see invisible (left hand)
Scrolls
 f - a scroll of blinking
Potions
 b - a potion of curing
 c - a potion of heal wounds
 d - a potion of haste
 e - a potion of berserk rage


   Skills:
 O Level 27 Fighting
 + Level 19.3(22.4) Short Blades
 + Level 19.3(22.4) Long Blades
 O Level 27 Axes
 + Level 16.7(25.5) Maces & Flails
 + Level 16.7(25.5) Polearms
 + Level 18.1(23.5) Staves
 + Level 16.7(19.5) Slings
 + Level 16.7 Bows
 + Level 16.7 Crossbows
 + Level 16.7(19.5) Throwing
 + Level 19.6 Armour
 O Level 27 Dodging
 O Level 27 Stealth
 + Level 19.6 Shields
 + Level 19.6 Unarmed Combat
 O Level 27 Spellcasting
 + Level 19.6 Invocations
 + Level 19.6 Evocations


You had 3 spell levels left.
You knew the following spells:

 Your Spells              Type           Power      Damage    Failure   Level
a - Necrotize             Necr           100%       1d9       0%          1
b - Vampiric Draining     Necr           94%        2d12      0%          3
c - Animate Dead          Necr           94%        N/A       0%          4
d - Agony                 Necr           94%        N/A       0%          5
e - Sandblast             Erth           100%       2d20      0%          1
f - Blink                 Tloc           100%       N/A       0%          2
g - Ignite Poison         Fire/Tmut/Pois 94%        N/A       0%          3
h - Swiftness             Air            94%        N/A       0%          3
i - Cause Fear            Hex            47%        N/A       0%          4
j - Fireball              Conj/Fire      47%        3d19      0%          5
k - Statue Form           Tmut/Erth      62%        N/A       0%          6
l - Summon Cactus Giant   Summ           47%        N/A       0%          6
m - Ozocubu's Refrigerat  Ice            47%        4d14      0%          7
n - Discord               Hex            47%        N/A       1%          8
o - Necromutation         Tmut/Necr      47%        N/A       1%          8
p - Shatter               Erth           47%        3d36*     1%          9
Your spell library was empty.

Dungeon Overview and Level Annotations

Branches:
Dungeon (1/1)

Altars:
Makhleb


Innate Abilities, Weirdness & Mutations

You are immune to sickness and miasma.
You are immune to poison.
Your flesh is very heat resistant. (rF++)
You are vulnerable to cold. (rC-)
You float through the air rather than walking.
You learn spells naturally, not from books.
Your magical power is your life essence.
You have superior vitality. (+4 MHP)


Message History

A sculptor of flesh comes into view. It is wielding a +9 great sword.
You hear a shout! x3
The accursed casts a spell at you. Something smites you!
A bag of meat comes into view. It is wielding a +9 war axe.
You hear a shout! x4
The destroyer moves out of view.
You hear a shout! x2
Unknown command.
Unknown command.
Unknown command.
Unknown command.
Unknown command.
Unknown command.
A destroyer and a wretched soul come into view.
The destroyer is wielding a +9 vorpal great sword.
You hear a shout!
The meat beast bites you!! The meat beast tramples you!
You hold your ground!
You hear a shout!
The accursed points at you and mumbles some strange words.
Something smites you!
The meat berserker hits you with a +9 battleaxe!!!
A bag of meat comes into view. It is wielding a +9 war axe.
You hear a shout! x3
The destroyer casts a spell at you.
The destroyer blinks!
You hear a shout!
The meat beast bites you!!
* * * LOW HITPOINT WARNING * * *
The meat beast tramples you but does no damage.
You hear a shout! x3
Unknown command.
Unknown command.
You hear a deafening roar!
You hear a shout! x3; The bag of meat shouts!
You hear a shout! x6
The accursed points at you and mumbles some strange words.
Something smites you!
* * * LOW HITPOINT WARNING * * *
The meat berserker hits you with a +9 battleaxe!!!
You die...

##############
......)......####
.....)).........####
..##.##)#####......####
M§.)).........O.......##
...)##.##.....oO@o......
...)§.........o2...o....
...°).#.#....o..#OoV....
..).).☼.....oo####zMo...
..))))§........


oz.... ...)☼°........ .W.#.. ...)°☼......V. o.. . ....))....... ..#.
.#..).)..#.. You could see an accursed, a meat beast (fast), a destroyer, 2
sculptors of flesh, 3 meat berserkers, a wretched soul (invisible) and 11 bags
of meat.

Vanquished Creatures
  A royal mummy (D)
  5 vampire knights (D)
  16 ogres (D)
  4 two-headed ogres (D)
  A lich (D)
  27 orcs (D)
  2 skeletal warriors (D)
56 creatures vanquished.

Notes
Turn   | Place    | Note
-------+----------+-------------------------------------------
     0 | D        | Found the +∞ Axe of Woe
     0 | D        | greenreed the Djinni Necromancer began the quest for the
                  | Orb.
     0 | D        | greenreed set off with the following spells memorised:
                  | Necrotize, Vampiric Draining, Animate Dead, Agony.
     0 | D        | Reached XP level 1. HP: 15/15 MP: 0/0
     4 | D        | Became a worshipper of Makhleb the Destroyer
     6 | D        | Noticed a bag of meat
     6 | D        | Noticed a bag of meat
     6 | D        | Noticed a bag of meat
     8 | D        | Noticed a meat berserker
     8 | D        | Noticed a meat berserker
     9 | D        | Noticed a bag of meat
     9 | D        | Noticed a meat berserker
    10 | D        | Killed a bag of meat
    10 | D        | Killed a bag of meat
    10 | D        | Reached * piety under Makhleb
    10 | D        | Noticed a bag of meat
    10 | D        | Noticed a bag of meat
    10 | D        | Noticed a bag of meat
    10 | D        | Noticed a bag of meat
    10 | D        | Noticed a meat berserker
    11 | D        | Reached skill level 10 in Stealth
    11 | D        | Reached XP level 2. HP: 29/29 MP: 0/0
    11 | D        | Reached XP level 3. HP: 34/34 MP: 0/0
    11 | D        | Learned a level 1 spell: Sandblast
    11 | D        | Reached XP level 4. HP: 40/40 MP: 0/0
    11 | D        | Reached XP level 5. HP: 45/45 MP: 0/0
    11 | D        | Learned a level 2 spell: Blink
    11 | D        | Reached XP level 6. HP: 50/50 MP: 0/0
    11 | D        | Reached XP level 7. HP: 56/56 MP: 0/0
    11 | D        | Learned a level 3 spell: Ignite Poison
    11 | D        | Reached XP level 8. HP: 61/61 MP: 0/0
    11 | D        | Reached XP level 9. HP: 66/66 MP: 0/0
    11 | D        | Learned a level 3 spell: Swiftness
    11 | D        | Reached XP level 10. HP: 72/72 MP: 0/0
    11 | D        | Reached XP level 11. HP: 76/76 MP: 0/0
    11 | D        | Learned a level 4 spell: Cause Fear
    11 | D        | Reached XP level 12. HP: 83/83 MP: 0/0
    11 | D        | Noticed a bag of meat
    11 | D        | Noticed a bag of meat
    11 | D        | Noticed a bag of meat
    11 | D        | Noticed a bag of meat
    12 | D        | Noticed a bag of meat
    12 | D        | Noticed a bag of meat
    12 | D        | Killed a bag of meat
    12 | D        | Noticed a bag of meat
    13 | D        | Reached XP level 13. HP: 88/88 MP: 0/0
    13 | D        | Learned a level 5 spell: Fireball
    13 | D        | Killed a meat berserker
    13 | D        | Killed a meat berserker
    13 | D        | Reached ** piety under Makhleb
    13 | D        | Killed a bag of meat
    13 | D        | Noticed a meat berserker
    14 | D        | Reached skill level 10 in Fighting
    14 | D        | Reached skill level 27 in Axes
    14 | D        | Reached XP level 14. HP: 103/103 MP: 0/0
    14 | D        | Reached XP level 15. HP: 109/109 MP: 0/0
    14 | D        | Learned a level 6 spell: Statue Form
    14 | D        | Noticed a meat berserker
    14 | D        | Noticed a meat berserker
    14 | D        | Noticed a meat berserker
    15 | D        | Killed a meat berserker
    15 | D        | Noticed a large bag of meat
    17 | D        | Reached *** piety under Makhleb
    17 | D        | Killed a meat berserker
    17 | D        | Noticed a meat berserker
    18 | D        | Reached XP level 16. HP: 130/130 MP: 0/0
    18 | D        | Noticed a meat berserker
    18 | D        | Killed a meat berserker
    18 | D        | Reached **** piety under Makhleb
    19 | D        | Reached XP level 17. HP: 148/148 MP: 0/0
    19 | D        | Learned a level 6 spell: Summon Cactus Giant
    19 | D        | Killed a meat berserker
    19 | D        | Reached ***** piety under Makhleb
    21 | D        | Reached skill level 27 in Dodging
    21 | D        | Reached XP level 18. HP: 166/166 MP: 0/0
    21 | D        | Killed a meat berserker
    22 | D        | Reached skill level 27 in Fighting
    22 | D        | Reached skill level 27 in Stealth
    22 | D        | Killed a meat berserker
    22 | D        | Reached ****** piety under Makhleb
    22 | D        | Killed a meat berserker
    23 | D        | Reached XP level 19. HP: 174/174 MP: 0/0
    23 | D        | Learned a level 7 spell: Ozocubu's Refrigeration
    23 | D        | Noticed a large bag of meat
    23 | D        | Noticed a meat berserker
    24 | D        | Killed a meat berserker
    25 | D        | Reached XP level 20. HP: 181/181 MP: 0/0
    25 | D        | Killed a large bag of meat
    25 | D        | Noticed a large bag of meat
    26 | D        | Reached XP level 21. HP: 170/187 MP: 0/0
    26 | D        | Learned a level 8 spell: Discord
    26 | D        | Killed a large bag of meat
    28 | D        | Reached skill level 27 in Spellcasting
    28 | D        | Noticed a meat berserker
    29 | D        | Noticed a destroyer
    30 | D        | Noticed a meat berserker
    31 | D        | Reached skill level 10 in Invocations
    31 | D        | Reached skill level 10 in Evocations
    31 | D        | Killed a meat berserker
    32 | D        | Reached skill level 10 in Short Blades
    32 | D        | Reached skill level 10 in Long Blades
    32 | D        | Reached skill level 10 in Armour
    32 | D        | Reached skill level 10 in Shields
    32 | D        | Reached skill level 10 in Unarmed Combat
    33 | D        | Killed a destroyer
    33 | D        | Killed a meat berserker
    34 | D        | Reached skill level 10 in Maces & Flails
    34 | D        | Reached skill level 10 in Polearms
    34 | D        | Reached skill level 10 in Slings
    34 | D        | Reached skill level 10 in Bows
    34 | D        | Reached skill level 10 in Crossbows
    34 | D        | Reached skill level 10 in Throwing
    34 | D        | Reached XP level 22. HP: 194/194 MP: 0/0
    34 | D        | Killed a large bag of meat
    35 | D        | Noticed a meat berserker
    36 | D        | Noticed a destroyer
    36 | D        | Noticed a large bag of meat
    37 | D        | Killed a meat berserker
    38 | D        | Noticed a destroyer
    38 | D        | Noticed a destroyer
    40 | D        | Noticed a meat berserker
    41 | D        | Killed a destroyer
    41 | D        | Killed a destroyer
    42 | D        | Reached skill level 15 in Armour
    42 | D        | Reached skill level 15 in Shields
    42 | D        | Reached skill level 15 in Unarmed Combat
    42 | D        | Reached skill level 15 in Invocations
    42 | D        | Reached skill level 15 in Evocations
    42 | D        | Reached XP level 23. HP: 191/201 MP: 0/0
    42 | D        | Learned a level 8 spell: Necromutation
    43 | D        | Reached skill level 15 in Short Blades
    43 | D        | Reached skill level 15 in Long Blades
    44 | D        | Killed a destroyer
    45 | D        | Reached skill level 15 in Staves
    45 | D        | Reached XP level 24. HP: 208/208 MP: 0/0
    45 | D        | Noticed a destroyer
    47 | D        | Noticed a tyrant
    48 | D        | Noticed an accursed
    49 | D        | Killed a large bag of meat
    53 | D        | Killed a destroyer
    54 | D        | Reached skill level 15 in Maces & Flails
    54 | D        | Reached skill level 15 in Polearms
    54 | D        | Reached skill level 15 in Slings
    54 | D        | Reached skill level 15 in Bows
    54 | D        | Reached skill level 15 in Crossbows
    54 | D        | Reached skill level 15 in Throwing
    56 | D        | Noticed a tyrant
    63 | D        | Killed a tyrant
    63 | D        | Noticed a meat beast
    66 | D        | Killed an accursed
    67 | D        | Reached XP level 25. HP: 194/214 MP: 0/0
    67 | D        | Learned a level 9 spell: Shatter
    72 | D        | Noticed an accursed
    74 | D        | Noticed a destroyer
    75 | D        | Noticed a destroyer
    76 | D        | Annihilated by a meat berserker

Illustrated notes

Levels and vault maps discovered:
D:        meatsprint

Skill      XL: |  1  2  3  4  5  6  7  8  9 10 11 12 13 14 15 16 17 18 19 20 21 22 23 24 |
---------------+-------------------------------------------------------------------------+-----
Fighting       | 6 10 17 21 26 27 | 27.0
Axes           | 20 22 27 | 27.0
Dodging        | 13 14 17 22 24 27 | 27.0
Stealth        | 10 11 14 18 21 23 27 | 27.0
Short Blades   | 8 12 14 16 19 | 19.3
Long Blades    | 8 12 14 16 19 | 19.3
Maces & Flails | 6 10 12 14 16 | 16.7
Polearms       | 6 10 12 14 16 | 16.7
Staves         | 7 11 14 15 18 | 18.1
Slings         | 6 10 12 14 16 | 16.7
Bows           | 6 10 12 14 16 | 16.7
Crossbows      | 6 10 12 14 16 | 16.7
Throwing       | 6 10 12 14 16 | 16.7
Armour         | 8 12 15 16 19 | 19.6
Shields        | 8 12 15 16 19 | 19.6
Unarmed Combat | 8 12 15 16 19 | 19.6
Invocations    | 8 12 15 16 19 | 19.6
Evocations     | 8 12 15 16 19 | 19.6
Spellcasting   | 18 24 27 | 27.0

Action                   |  1- 3 |  4- 6 |  7- 9 | 10-12 | 13-15 | 16-18 | 19-21 | 22-24 | 25-27 || total
-------------------------+-------+-------+-------+-------+-------+-------+-------+-------+-------++-------
Melee: Executioner's axe |     1 |       |       |     1 |     3 |     5 |     8 |    14 |       ||    32
 Cast: Discord           |       |       |       |       |       |       |       |     1 |       ||     1
Armor: Robe              |       |       |       |       |       |       |       |       |     1 ||     1

Table legend: (Time is in decaauts)
 A = Elapsed time spent in this place.
 B = Non-inter-level travel time spent in this place.
 C = Inter-level travel time spent in this place.
 D = Time resting spent in this place.
 E = Time spent auto-exploring this place.
 F = Levels seen in this place.
 G = Mean time per level.
                   A        B        C        D        E       F      G
               +--------+--------+--------+--------+--------+-----+--------+
         Total |     66 |     66 |      0 |      0 |      0 |   1 |   66.0 |
       Dungeon |     66 |     66 |      0 |      0 |      0 |   1 |   66.0 |
               +--------+--------+--------+--------+--------+-----+--------+

Top non-repeatable levels by time:
       D: 66 daAuts
